 Dungeon Crawl Stone Soup version 0.29-a0-451-gfbfa42419e (webtiles) character file.

Game seed: 1508101227663644768

52 frimble the Grasshopper (level 3, -3/31 HPs)
             Began as a Gnoll Warper on May 20, 2022.
             Slain by a centaur
             ... wielding a staff of earth
              (6 damage)
             ... on level 3 of the Dungeon.
             The game lasted 00:02:07 (2190 turns).

frimble the Grasshopper (Gnoll Warper)              Turns: 2190, Time: 00:02:08

Health: -3/31      AC:  4    Str:  8 (10) XL:     3   Next: 85%
Magic:  9/9        EV: 12    Int: 11 (14) God:
Gold:   145        SH:  0    Dex:  9 (11) Spells: 7/12 levels left

rFire   . . .      SeeInvis .   h - +2 whip (flame)
rCold   . . .      Faith    .   (no shield)
rNeg    . . .      Spirit   .   a - +1 leather armour
rPois   .          Reflect  .   (no helmet)
rElec   .          Harm     .   (no cloak)
rCorr   .          Rampage  .   (no gloves)
Will    .....                   (no boots)
Stlth   +.........              (no amulet)
HPRegen 0.10/turn               (no ring)
MPRegen 0.11/turn               (no ring)

@: invisible
A: fangs 1, strong nose, distributed training
a: no special abilities


You were on level 3 of the Dungeon.
You visited 1 branch of the dungeon, and saw 3 of its levels.

You collected 145 gold pieces.

Inventory:

Hand Weapons
 h - a +2 whip of flaming (weapon)
Missiles
 c - 7 boomerangs of dispersal (quivered)
Armour
 a - a +1 leather armour (worn)
Scrolls
 b - 3 scrolls of blinking
 j - a scroll of enchant armour
 n - a scroll of magic mapping
Potions
 f - a potion of curing
 k - a potion of haste {unknown}
 m - a potion of lignification {unknown}


   Skills:
 + Level 4.6 Fighting
 + Level 1.0 Short Blades
 + Level 1.0 Long Blades
 + Level 1.0 Axes
 + Level 1.0 Maces & Flails
 + Level 1.0 Polearms
 + Level 1.0 Staves
 + Level 1.0 Slings
 + Level 1.0 Bows
 + Level 1.0 Crossbows
 + Level 2.6 Throwing
 + Level 2.6 Armour
 + Level 4.6 Dodging
 + Level 1.0 Stealth
 + Level 1.0 Shields
 + Level 4.6 Unarmed Combat
 + Level 5.0 Spellcasting
 + Level 0.7 Conjurations
 + Level 0.7 Hexes
 + Level 0.7 Summonings
 + Level 0.7 Necromancy
 + Level 5.4 Translocations
 + Level 0.7 Transmutations
 + Level 0.7 Fire Magic
 + Level 0.7 Ice Magic
 + Level 0.7 Air Magic
 + Level 0.7 Earth Magic
 + Level 0.7 Poison Magic
 + Level 1.0 Invocations
 + Level 1.0 Evocations


You had 7 spell levels left.
You knew the following spells:

 Your Spells              Type           Power      Damage    Failure   Level
a - Blink                 Tloc           28%        N/A       4%          2
b - Gell's Gravitas       Tloc           14%        N/A       10%         3

Your spell library contained the following spells:

 Spells                   Type           Power      Damage    Failure   Level
 Lesser Beckoning         Tloc           14%        N/A       10%         3
 Teleport Other           Tloc           14%        N/A       10%         3
 Manifold Assault         Tloc           14%        N/A       65%         5


Dungeon Overview and Level Annotations

Branches:
Dungeon (3/15)

Altars:


Innate Abilities, Weirdness & Mutations

You have very sharp teeth.
Your uncanny sense of smell can sniff out nearby items.
Your experience applies equally to all skills.


Message History

You bite the centaur, but do no damage.
The centaur is moderately wounded.
The centaur hits you with a staff of earth.
* * * LOW HITPOINT WARNING * * *
The centaur closely misses you.
You catch the helpless centaur completely off-guard!
You hit the centaur but do no damage. You bite the centaur, but do no damage.
The centaur is moderately wounded.
You are starting to lose your buoyancy.
The centaur wields a +0 shortbow.
The centaur shoots an arrow.
The arrow barely misses you.
A giant cockroach comes into view.
The centaur shoots an arrow.
The arrow barely misses you.
The centaur shoots an arrow.
The arrow barely misses you.
The giant cockroach moves out of view.
You hit the centaur but do no damage.
The centaur is moderately wounded.
The centaur unwields a +0 shortbow.
The centaur wields a staff of earth.
The centaur completely misses you. The centaur misses you.
You hit the centaur but do no damage.
The centaur is moderately wounded.
The centaur completely misses you. The centaur closely misses you.
The centaur hits you with a staff of earth.
* * * LOW HITPOINT WARNING * * *
The centaur closely misses you.
You closely miss the centaur.
The centaur is moderately wounded.
The centaur closely misses you. The centaur kicks you.
* * * LOW HITPOINT WARNING * * *
You hit the centaur but do no damage.
The centaur is lightly wounded.
You float gracefully downwards.
The centaur hits you with a staff of earth.
* * * LOW HITPOINT WARNING * * *
The centaur closely misses you. x2; The centaur kicks you.
* * * LOW HITPOINT WARNING * * *
You hit the centaur. You burn the centaur.
The centaur is moderately wounded.
The centaur hits you with a staff of earth.
You die...

#.# .# #.# .# #
#.# .# .#
#####.###.##.##.
...#... .......
#####.... ..[.#
........###..#
#...c....#
###@####.c....
#.# ####. ##.#
#..# ∆ #.##
####.# #....#
#.#### #.#


You could see a centaur (can't see you).

Vanquished Creatures
  An adder (D:2)
  A dart slug (D:2)
  5 endoplasms
  3 giant cockroaches
  3 goblins
  4 hobgoblins
  2 jackals
  A quokka (D:1)
  2 ball pythons (D:2)
  4 bats
  2 frilled lizards
  6 kobolds
  4 rats (D:2)
38 creatures vanquished.

Vanquished Creatures (others)
  A quokka (D:3)
1 creature vanquished.

Grand Total: 39 creatures vanquished

Notes
Turn   | Place    | Note
-------+----------+-------------------------------------------
     0 | D:1      | frimble the Gnoll Warper began the quest for the Orb.
     0 | D:1      | Reached XP level 1. HP: 20/20 MP: 6/6
     0 | D:1      | Noticed a ghoul
     0 | D:1      | Noticed a gargoyle
     4 | D:1      | Noticed a barachi
     6 | D:1      | Noticed a troll
     8 | D:1      | Noticed a troll
     9 | D:1      | Noticed a gargoyle
    11 | D:1      | Noticed a gargoyle
    13 | D:1      | Noticed a demonspawn
    15 | D:1      | Noticed a felid
    15 | D:1      | Noticed an ogre
    17 | D:1      | Noticed a formicid
    17 | D:1      | Noticed a naga
    21 | D:1      | Noticed a minotaur
   177 | D:1      | Reached XP level 2. HP: 7/26 MP: 7/7
   180 | D:1      | Learned a level 2 spell: Blink
  1356 | D:2      | Reached XP level 3. HP: 29/31 MP: 9/9
  1360 | D:2      | Learned a level 3 spell: Gell's Gravitas
  1367 | D:2      | Reached skill level 5 in Spellcasting
  1439 | D:2      | Found a faded altar of an unknown god.
  1473 | D:2      | Reached skill level 1 in Invocations
  1832 | D:2      | Reached skill level 1 in Short Blades
  1832 | D:2      | Reached skill level 1 in Long Blades
  1832 | D:2      | Reached skill level 1 in Axes
  1832 | D:2      | Reached skill level 1 in Maces & Flails
  1832 | D:2      | Reached skill level 1 in Polearms
  1832 | D:2      | Reached skill level 1 in Staves
  1832 | D:2      | Reached skill level 1 in Slings
  1832 | D:2      | Reached skill level 1 in Bows
  1832 | D:2      | Reached skill level 1 in Crossbows
  1832 | D:2      | Reached skill level 1 in Stealth
  1832 | D:2      | Reached skill level 1 in Shields
  1832 | D:2      | Reached skill level 1 in Evocations
  2155 | D:3      | Noticed a centaur
  2190 | D:3      | Slain by a centaur

Illustrated notes

Levels and vault maps discovered:
D:1:      shiori_arrival_whats_in_store_for_you, layout_basic
D:2:      cheibrodos_old_hovel, layout_rooms, basic_ecumenical_altar
D:3:      layout_loops_ring, nicolae_concentric_dashed_squares_mild,
          grunt_ministairs_15

Skill      XL: |  1  2  3 |
---------------+----------+-----
Spellcasting   | 5 |  5.0
Invocations    | 1 |  1.0
Short Blades   | 1 |  1.0
Long Blades    | 1 |  1.0
Axes           | 1 |  1.0
Maces & Flails | 1 |  1.0
Polearms       | 1 |  1.0
Staves         | 1 |  1.0
Slings         | 1 |  1.0
Bows           | 1 |  1.0
Crossbows      | 1 |  1.0
Stealth        | 1 |  1.0
Shields        | 1 |  1.0
Evocations     | 1 |  1.0
Fighting       | |  4.6
Throwing       | |  2.6
Armour         | |  2.6
Dodging        | |  4.6
Unarmed Combat | |  4.6
Conjurations   | |  0.7
Hexes          | |  0.7
Summonings     | |  0.7
Necromancy     | |  0.7
Translocations | |  5.4
Transmutations | |  0.7
Fire Magic     | |  0.7
Ice Magic      | |  0.7
Air Magic      | |  0.7
Earth Magic    | |  0.7
Poison Magic   | |  0.7

Action                   || total
-------------------------++-------
Melee: Unarmed           ||   130
       Bite              ||    18
       Punch             ||     5
       Whip              ||    16
  Use: Potion            ||     6
       Scroll            ||     4
 Stab: Invisible         ||     2
Armor: Leather armour    ||    51
Dodge: Dodged            ||   122

Table legend: (Time is in decaauts)
 A = Elapsed time spent in this place.
 B = Non-inter-level travel time spent in this place.
 C = Inter-level travel time spent in this place.
 D = Time resting spent in this place.
 E = Time spent auto-exploring this place.
 F = Levels seen in this place.
 G = Mean time per level.
                   A        B        C        D        E       F      G
               +--------+--------+--------+--------+--------+-----+--------+
         Total |   2179 |   2129 |     50 |      0 |   1781 |   3 |  726.3 |
       Dungeon |   2179 |   2129 |     50 |      0 |   1781 |   3 |  726.3 |
               +--------+--------+--------+--------+--------+-----+--------+

Top non-repeatable levels by time:
     D:1: 1339 daAuts
     D:2: 645 daAuts
     D:3: 193 daAuts
